 Dungeon Crawl Stone Soup version 0.30-a0-618-gd6c86c23d0 (webtiles) character file.

Game seed: 16977988754054140033

57 wormed the Sneak (level 4, -3/27 HPs)
             Began as a Kobold Brigand on Jan 9, 2023.
             Slain by Robin
             ... wielding a +4 spear of freezing
              (7 damage)
             ... on level 2 of the Dungeon.
             The game lasted 00:01:29 (1303 turns).

wormed the Sneak (Kobold Brigand)                   Turns: 1303, Time: 00:01:29

Health: -3/27      AC:  3    Str:  8    XL:     4   Next: 18%
Magic:  4/4        EV: 15    Int: 12    God:
Gold:   82         SH:  0    Dex: 18    Spells: 3/3 levels left

rFire   . . .      SeeInvis .    a - +2 dagger
rCold   . . .      Faith    .    (no shield)
rNeg    . . .      Spirit   .    b - +0 robe
rPois   .          Reflect  .    (no helmet)
rElec   .          Harm     .    c - +0 cloak
rCorr   .          Rampage  .    (no gloves)
Will    .....                    (no boots)
Stlth   ++++                     i - amulet of regeneration
HPRegen 1.04/turn                (no ring)
MPRegen 0.09/turn                (no ring)

@: no status effects
A: small, no large weapons, nightstalker 3
a: no special abilities


You were on level 2 of the Dungeon.
You visited 1 branch of the dungeon, and saw 2 of its levels.

You collected 82 gold pieces.

Inventory:

Hand Weapons
 a - a +2 dagger (weapon)
Missiles
 d - 9 poisoned darts
 e - 6 curare-tipped darts (quivered)
 j - 6 atropa-tipped darts
Armour
 b - a +0 robe (worn)
 c - a +0 cloak (worn)
Jewellery
 i - an amulet of regeneration (around neck)
 l - an amulet of guardian spirit
Scrolls
 k - a scroll of magic mapping {unknown}
Potions
 f - a potion of ambrosia
 g - a potion of attraction {unknown}
 h - a potion of flight {unknown}
 m - 3 potions of haste {unknown}
 n - a potion of heal wounds {unknown}


   Skills:
 + Level 2.8 Fighting
 * Level 4.1 Short Blades
 - Level 2.1 Throwing
 + Level 2.2 Dodging
 + Level 5.8 Stealth


You had 3 spell levels left.
You didn't know any spells.
Your spell library contained the following spells:

 Spells                   Type           Power      Damage    Failure   Level
 Blink                    Tloc           0%         N/A       45%         2
 Momentum Strike          Conj/Tloc      0%         3d8       45%         2
 Lesser Beckoning         Tloc           0%         N/A       69%         3


Dungeon Overview and Level Annotations

Branches:
Dungeon (2/15)

Altars:

Shops:
D:2 [(

Annotations:
D:2 Robin


Innate Abilities, Weirdness & Mutations

You are small and have problems with some larger weapons.
You are completely attuned to the shadows.


Message History

Robin is lightly wounded.
Robin hits you with a +4 spear of freezing.
Robin freezes you. The goblin closely misses you.
You hit Robin but do no damage.
Robin is lightly wounded.
You hit Robin but do no damage.
Robin is lightly wounded.
The goblin barely misses you.
Robin hits you with a +4 spear of freezing!
Robin freezes you.
* * * LOW HITPOINT WARNING * * *
You hit Robin.
Robin is moderately wounded.
The goblin hits you but does no damage. Robin closely misses you.
You hit Robin but do no damage.
Robin is moderately wounded.
Robin hits you but does no damage. The goblin barely misses you.
You hit Robin.
Robin is heavily wounded.
The goblin barely misses you. Robin barely misses you.
You hit Robin.
Robin is heavily wounded.
You hit Robin but do no damage.
Robin is heavily wounded.
The goblin hits you but does no damage. Robin closely misses you.
You hit Robin but do no damage.
Robin is heavily wounded.
The goblin hits you with a +0 dagger.
* * * LOW HITPOINT WARNING * * *
Robin misses you.
You hit Robin but do no damage.
Robin is heavily wounded.
The goblin hits you with a +0 dagger.
* * * LOW HITPOINT WARNING * * *
Robin closely misses you.
You barely miss Robin.
Robin is heavily wounded.
The goblin misses you.
Robin hits you with a +4 spear of freezing!
You die...

#.######†##### #
#)##..........#
.#.##)##.##.#.###.#
#..).......###.##.#
#.g##.#..#..#..##.##
........#..........#
...##.#..#.#.#.##..#
. #g#.##.#.....#.###
#@#.##.#......[...
..##)g.......####.###
.......## #. #.#
..###### #.# #.# .
#.# #.# #.####.#
#......# #..#####
#..#


You could see Robin and a goblin (strong).

Vanquished Creatures
  Natasha (D:2)
  2 endoplasms (D:2)
  A giant cockroach (D:1)
  8 goblins
  6 hobgoblins
  2 quokkas
  4 ball pythons
  A bat (D:1)
  3 rats
28 creatures vanquished.

Notes
Turn   | Place    | Note
-------+----------+-------------------------------------------
     0 | D:1      | wormed the Kobold Brigand began the quest for the Orb.
     0 | D:1      | Reached XP level 1. HP: 12/12 MP: 1/1
   288 | D:1      | Reached XP level 2. HP: 18/18 MP: 2/2
   927 | D:2      | Found Ogorae's Weapon Emporium.
   945 | D:2      | Noticed Natasha
   952 | D:2      | Killed Natasha
   953 | D:2      | Reached XP level 3. HP: 5/22 MP: 3/3
  1190 | D:2      | Found Riheaf's Antique Armour Emporium.
  1260 | D:2      | Reached XP level 4. HP: 23/27 MP: 4/4
  1278 | D:2      | Noticed Robin
  1303 | D:2      | Slain by Robin

Illustrated notes

Levels and vault maps discovered:
D:1:      lemuel_arrival_muddy, layout_basic, minmay_distorted
D:2:      layout_loops_ring, serial_shops, nicolae_shop_hallway_stairs,
          nicolae_shop_bloodbath_and_beyond, nicolae_shop_advertising_works
          [nicolae_subvault_shop_adworks], nicolae_shop_overgrown_old_shop,
          basic_altar, shapermc_ecumenical_altar_notcrosses,
          minmay_heptomino_d4, uniq_robin, uniq_natasha

Skill      XL: |  1  2  3  4 |
---------------+-------------+-----
Short Blades   | 3 4 |  4.1
Dodging        | 2 |  2.2
Fighting       | |  2.8
Throwing       | |  2.1
Stealth        | |  5.8

Action                   |  1- 3 |  4- 6 || total
-------------------------+-------+-------++-------
Melee: Dagger            |    55 |    27 ||    82
Throw: Dart              |     2 |       ||     2
  Use: Scroll            |     3 |       ||     3
 Stab: Sleeping          |     9 |       ||     9
Armor: Robe              |    10 |     7 ||    17
Dodge: Dodged            |    32 |    29 ||    61

Table legend: (Time is in decaauts)
 A = Elapsed time spent in this place.
 B = Non-inter-level travel time spent in this place.
 C = Inter-level travel time spent in this place.
 D = Time resting spent in this place.
 E = Time spent auto-exploring this place.
 F = Levels seen in this place.
 G = Mean time per level.
                   A        B        C        D        E       F      G
               +--------+--------+--------+--------+--------+-----+--------+
         Total |   1289 |   1256 |     33 |     34 |   1040 |   2 |  644.5 |
       Dungeon |   1289 |   1256 |     33 |     34 |   1040 |   2 |  644.5 |
               +--------+--------+--------+--------+--------+-----+--------+

Top non-repeatable levels by time:
     D:1: 925 daAuts
     D:2: 364 daAuts
